 Dungeon Crawl Stone Soup version 0.32-a0-699-g1ee5eff69a (webtiles) character file.

Game seed: 15988172547093212138

373 Malificent the Firebug (level 6, -8/44 HPs)
             Began as a Demonspawn Wanderer on Mar 13, 2024.
             Killed by nerve-wracking pain
             ... invoked by jestert79's ghost
              (14 damage)
             ... on level 3 of the Dungeon.
             The game lasted 00:15:15 (2799 turns).

Malificent the Firebug (Demonspawn Wanderer)        Turns: 2799, Time: 00:15:16

Health: -8/44      AC:  6    Str: 12    XL:     6   Next: 43%
Magic:  2/10       EV: 11    Int: 14    God:
Gold:   169        SH:  0    Dex: 13    Spells: 9/11 levels left

rFire   . . .        a - +0 dagger (heavy)
rCold   . . .        (no shield)
rNeg    . . .        (no body armour)
rPois   .            (no helmet)
rElec   .            d - +0 cloak
rCorr   .            f - +2 pair of gloves
SInv    .            (no boots)
Will    .....        n - amulet of regeneration
Stlth   ++           (no ring)
HPRegen 1.07/turn    (no ring)
MPRegen 0.12/turn

%: no passive effects
@: no status effects
A: slimy green scales 1, weakness stinger 2
a: no special abilities


You were on level 3 of the Dungeon.
You visited 1 branch of the dungeon, and saw 3 of its levels.
You also visited: Sewer.

You collected 169 gold pieces.

Inventory:

Hand Weapons
 a - a +0 heavy dagger (weapon)
Missiles
 o - 4 curare-tipped darts (quivered)
Armour
 c - a +0 leather armour
 d - a +0 cloak (worn)
 f - a +2 pair of gloves (worn)
 h - a +0 helmet
 j - a +4 chain mail
Jewellery
 n - an amulet of regeneration (around neck)
Scrolls
 b - a scroll of teleportation
Potions
 i - a potion of heal wounds
 l - a potion of attraction


   Skills:
 + Level 1.9 Fighting
 + Level 2.3 Short Blades
 + Level 1.4 Armour
 + Level 1.8 Dodging
 + Level 1.3 Stealth
 * Level 3.2 Spellcasting
 + Level 1.0 Summonings
 + Level 5.3 Fire Magic
 + Level 1.0 Evocations


You had 9 spell levels left.
You knew the following spells:

 Your Spells              Type           Power      Damage    Failure   Level
a - Scorch                Fire           34%        2d6       3%          2

Your spell library contained the following spells:

 Spells                   Type           Power      Damage    Failure   Level
 Foxfire                  Conj/Fire      36%        2x1d5     7%          1
 Summon Small Mammal      Summ           20%        N/A       14%         1
 Inner Flame              Hex/Fire       9%         N/A       22%         3
 Static Discharge         Conj/Air       4%         3-4/arc   32%         2
 Summon Ice Beast         Ice/Summ       3%         N/A       45%         3
 Summon Lightning Spire   Summ/Air       3%         N/A       86%         4
 Airstrike                Air            1%         2d(1-17)  91%         4


Dungeon Overview and Level Annotations

Branches:
Dungeon (3/15)              Sewer (visited)

Altars:

Shops:
D:1 *

Annotations:
D:3 jestert79's ghost, amateur MDNe


Innate Abilities, Weirdness & Mutations

You are partially covered in slimy green scales. (AC +2)
You have a tail ending in a sharp stinger.


Message History

* * * LOW HITPOINT WARNING * * *
Jestert79's ghost hits you but does no damage.
You completely miss jestert79's ghost.
Jestert79's ghost is heavily damaged.
Jestert79's ghost hits you but does no damage.
Unknown command.
You hit jestert79's ghost but do no damage.
Jestert79's ghost is heavily damaged.
Jestert79's ghost hits you but does no damage.
You closely miss jestert79's ghost.
Jestert79's ghost is heavily damaged.
Jestert79's ghost hits you.
* * * LOW HITPOINT WARNING * * *
Jestert79's ghost hits you but does no damage.
You hit jestert79's ghost but do no damage.
Jestert79's ghost is heavily damaged.
Jestert79's ghost hits you.
* * * LOW HITPOINT WARNING * * *
You hit jestert79's ghost but do no damage.
Jestert79's ghost is heavily damaged.
Jestert79's ghost hits you.
* * * LOW HITPOINT WARNING * * *
You hit jestert79's ghost.
Jestert79's ghost is heavily damaged.
You feel less wooden.
Your +0 cloak unmelds from your body.
Your +2 pair of gloves unmelds from your body.
Jestert79's ghost casts a spell at you. Pain shoots through your body!
* * * LOW HITPOINT WARNING * * *
Jestert79's ghost hits you.
* * * LOW HITPOINT WARNING * * *
You hit jestert79's ghost.
Jestert79's ghost is severely damaged.
Jestert79's ghost barely misses you.
You barely miss jestert79's ghost. You tail-slap jestert79's ghost.
Jestert79's ghost is severely damaged.
Jestert79's ghost casts a spell at you. Pain shoots through your body!
You die...

.....#.#########...#...######
####.#.# ######...###.###########
.......# #.......## ##...........
.#.###>###.##.#...###............
.#.# #...........#.#.############
.#.###.....##.##.##..# #
.......######.##.###.# # ..####.#
#.##.# #.# # ..# #.# #.##@# #.# #
..# #.# #.##W###.# ... #.####
#.##r.##.# ..#.##....###...)....#
.......##..........###
#.........#######†## ##
###.##.##.# #~~~# #.# #. #.##.#
#~~~# #. #.##.##.######~~~# ##
###


You could see jestert79's ghost and a river rat.

Vanquished Creatures
  Pargi (Sewer)
  2 kobold brigands (Sewer)
  An orc wizard (D:3)
  2 adders
  A river rat (D:3)
  4 dart slugs
  A ribbon worm (D:3)
  4 orcs (D:3)
  8 bats
  4 endoplasms
  4 giant cockroaches
  2 goblins (D:1)
  2 hobgoblins (D:2)
  6 jackals
  9 kobolds
  2 quokkas
  7 ball pythons
  3 frilled lizards
  11 rats
74 creatures vanquished.

Notes
Turn   | Place    | Note
-------+----------+-------------------------------------------
     0 | D:1      | Malificent the Demonspawn Wanderer began the quest for the
                  | Orb.
     0 | D:1      | Malificent set off with the following items: a +0 dagger, a
                  | scroll of teleportation, a +0 leather armour, a +0 cloak;
                  | and the following spells available to memorise: Scorch,
                  | Foxfire, Summon Small Mammal, Inner Flame, Summon Ice
                  | Beast.
     0 | D:1      | Reached XP level 1. HP: 13/13 MP: 2/2
   258 | D:1      | Gained mutation: You are partially covered in slimy green
                  | scales. (AC +2) [demonic ancestry]
   258 | D:1      | Reached XP level 2. HP: 15/19 MP: 3/3
   299 | D:1      | Found Reoh's Assorted Antiques.
   482 | D:1      | Learned a level 2 spell: Scorch
   812 | D:1      | Reached skill level 1 in Short Blades
   893 | D:2      | Reached XP level 3. HP: 25/25 MP: 1/4
  1353 | D:2      | Found a faded altar of an unknown god.
  1594 | D:2      | Reached skill level 1 in Fighting
  1989 | D:3      | Gained mutation: You have a small tail. [demonic ancestry]
  1989 | D:3      | Reached XP level 4. HP: 32/32 MP: 1/6
  2185 | D:3      | Reached skill level 5 in Fire Magic
  2227 | D:3      | Found a runed translucent door.
  2232 | D:3      | Noticed jestert79's ghost (amateur MDNe)
  2359 | D:3      | Found a glowing drain.
  2366 | D:3      | Reached skill level 1 in Armour
  2369 | Sewer    | Entered a sewer
  2373 | Sewer    | Noticed a kobold brigand
  2386 | Sewer    | Killed a kobold brigand
  2387 | Sewer    | Reached XP level 5. HP: 15/37 MP: 2/8
  2467 | Sewer    | Noticed Pargi
  2471 | Sewer    | Killed Pargi
  2472 | Sewer    | Gained mutation: You have a tail ending in a sharp stinger.
                  | [demonic ancestry]
  2472 | Sewer    | Reached XP level 6. HP: 44/44 MP: 0/10
  2799 | D:3      | Killed from afar by jestert79's ghost

Illustrated notes

Levels and vault maps discovered:
D:1:      amcnicky_arrival_flooded_fountain, layout_basic, serial_shops,
          nicolae_shop_overgrown_old_shop
D:2:      layout_loops_ring, chequers_ecumenical_altar_grove, minmay_between
D:3:      layout_loops_ring, ebering_ghost_sewer_f, portal_sewer_entry_e

Skill      XL: |  1  2  3  4  5  6 |
---------------+-------------------+-----
Short Blades   | 1 2 |  2.3
Fighting       | 1 |  1.9
Fire Magic     | 5 |  5.3
Armour         | 1 |  1.4
Spellcasting   | 2 3 |  3.2
Dodging        | |  1.8
Stealth        | |  1.3
Summonings     | |  1.0
Evocations     | |  1.0

Action                     |  1- 3 |  4- 6 || total
---------------------------+-------+-------++-------
  Melee: Dagger            |   197 |   126 ||   323
         Tailslap          |       |    17 ||    17
   Cast: Scorch            |    11 |    30 ||    41
    Use: Scroll            |     6 |     2 ||     8
         Potion            |       |     5 ||     5
   Stab: Sleeping          |     3 |     1 ||     4
 Armour: Leather armour    |   150 |    63 ||   213
         Skin              |       |    49 ||    49
  Dodge: Dodged            |   107 |    72 ||   179

Table legend: (Time is in decaauts)
 A = Elapsed time spent in this place.
 B = Non-inter-level travel time spent in this place.
 C = Inter-level travel time spent in this place.
 D = Time resting spent in this place.
 E = Time spent auto-exploring this place.
 F = Levels seen in this place.
 G = Mean time per level.
                   A        B        C        D        E       F      G
               +--------+--------+--------+--------+--------+-----+--------+
         Total |   2830 |   2753 |     77 |    401 |   1199 |   4 |  707.5 |
       Dungeon |   2512 |   2435 |     77 |    249 |   1199 |   3 |  837.3 |
         Sewer |    317 |    317 |      0 |    152 |      0 |   1 |  317.0 |
               +--------+--------+--------+--------+--------+-----+--------+

Top non-repeatable levels by time:
     D:2: 1066 daAuts
     D:1: 833 daAuts
     D:3: 612 daAuts
   Sewer: 317 daAuts
